 Dungeon Crawl Stone Soup version 0.31-a0-222-gefeffbb62a (webtiles) character file.

Game seed: 6436238112847564640

1370 Querens the Shield-Bearer (level 8, -1/58 HPs)
             Began as a Formicid Fighter on July 5, 2023.
             Slain by Menkaure (15 damage)
             ... on level 5 of the Dungeon.
             The game lasted 00:13:08 (2917 turns).

Querens the Shield-Bearer (Formicid Fighter)        Turns: 2917, Time: 00:13:08

Health: -1/58      AC: 12    Str: 24    XL:     8   Next: 97%
Magic:  8/8        EV:  8    Int:  7    God:
Gold:   220        SH:  6    Dex: 13    Spells: 7/7 levels left

rFire   . . .        a - +0 war axe
rCold   . . .        c - +0 buckler
rNeg    . . .        n - +0 chain mail
rPois   +            (helmet unavailable)
rElec   .            (no cloak)
rCorr   .            (no gloves)
SInv    +            (no boots)
Will    .....        (no amulet) Stlth
                     B - ring of poison resistance
HPRegen 0.29/turn    (no ring)
MPRegen 0.11/turn

%: no passive effects
@: no status effects
A: permanent stasis, dig shafts and tunnels, antennae 3, four strong arms,
iridescent scales 1, frail 1
a: Dig, Shaft Self


You were on level 5 of the Dungeon.
You visited 1 branch of the dungeon, and saw 5 of its levels.

You collected 220 gold pieces.

Inventory:

Hand Weapons
 a - a +0 war axe (weapon)
Missiles
 b - a throwing net
Armour
 c - a +0 buckler (worn)
 n - a +0 chain mail (worn)
Jewellery
 B - a ring of poison resistance (left hand)
Wands
 v - a wand of digging (3)
 C - a wand of iceblast (7)
Scrolls
 e - 2 scrolls of enchant weapon {unknown}
 f - a scroll of torment {unknown}
 g - 2 scrolls of teleportation {unknown}
 h - a scroll of blinking {unknown}
 m - a scroll of immolation {unknown}
 s - a scroll of noise {unknown}
 t - 2 scrolls of enchant armour {unknown}
 u - 4 scrolls of identify
 w - a scroll of acquirement {unknown}
 x - 2 scrolls of fear {unknown}
 y - a scroll of poison {unknown}
 z - a scroll of vulnerability {unknown}
 A - a scroll of brand weapon {unknown}
Potions
 d - a potion of might
 i - 2 potions of enlightenment
 k - a potion of magic
 o - a potion of heal wounds
 p - a potion of attraction
 q - a potion of mutation
 r - a potion of haste


   Skills:
 + Level 6.4 Fighting
 + Level 5.5 Axes
 + Level 6.5 Armour
 + Level 7.8 Shields


You had 7 spell levels left.
You didn't know any spells.
Your spell library contained the following spells:

 Spells                   Type           Power      Damage    Failure   Level
 Slow                     Hex            0%         N/A       95%         1
 Ensorcelled Hibernation  Hex/Ice        0%         N/A       99%         2
 Passwall                 Tmut/Erth      0%         N/A       99%         2
 Call Canine Familiar     Summ           0%         N/A       100%        3
 Confusing Touch          Hex            0%         N/A       100%        3
 Portal Projectile        Hex/Tloc       0%         N/A       100%        3
 Vampiric Draining        Necr           0%         2d6       100%        3
 Leda's Liquefaction      Hex/Erth       0%         N/A       100%        4
 Swiftness                Air            Unusable   N/A       N/A         3

Dungeon Overview and Level Annotations

Branches:
Dungeon (5/15)
 Temple: D:4-7

Altars:
Dithmenos
Uskayaw

Shops:
D:2 [   D:3 *

Annotations:
D:5 Menkaure


Innate Abilities, Weirdness & Mutations

You cannot be hasted, slowed, berserked, paralysed or teleported.
You can dig through walls and to a lower floor.
You have a pair of large antennae on your head. (SInv)
Your four strong arms can wield two-handed weapons with a shield.
You are partially covered in iridescent scales. (AC +2)
You are frail. (-10% HP)


Message History

The hound bites you.
You barely miss the hound.
The hound is almost dead.
You block the hound's attack. The hound barely misses you.
You slash the hound!
You kill the hound!
No target in view!
No target in view!
Found the Directory of Amalgamated Confrontation.
Menkaure, Prince of Dust comes into view.
Menkaure sighs, "From dust you came, to dust you will return."
Aiming: Iceblast
Press: ? - help, Shift-Dir - straight line, f - Menkaure
Aim: Menkaure The mass of ice explodes!
The iceblast engulfs Menkaure.
Menkaure partially resists.
Menkaure is lightly damaged.
Unknown command.
You hit Menkaure.
Menkaure is heavily damaged.
Menkaure calls on the powers of darkness!
Your body is wracked with pain!
You are too injured to fight recklessly!
You are too injured to fight recklessly!
You are too injured to fight recklessly!
You hit Menkaure.
Menkaure is heavily damaged.
Menkaure blazes with dark energy!
Menkaure mumbles some strange words.
Menkaure seems to speed up.
You barely miss Menkaure.
Menkaure is heavily damaged.
Menkaure hits you!
* * * LOW HITPOINT WARNING * * *
Aiming: Iceblast
Press: ? - help, Shift-Dir - straight line, f/p - Menkaure
Aim: Menkaure (heavily damaged, fast)
Okay, then.
Menkaure attacks as you move away! Menkaure hits you!
You die...

...............#
.............#.##
.......†....###.##
###....##..## ##.# .#..
#.... ##.## ###
...#.###...# #..###.#
#.....#....: ##.##.#
##.......<.M####....##
#.......###.@.#..#...##
........###....####.#.#
#. #......###..## #†###
... ##......##..# #)#
...###...........#####)##
#..#........#####......##
#.........## #..).##.#
#.......### ##.##..#.##
####.......# #...#...###


You could see Menkaure (fast).

Vanquished Creatures
  A steam dragon (D:5)
  A water moccasin (D:5)
  An ogre (D:3)
  A phantom (D:5)
  3 scorpions
  5 wights (D:5)
  2 hounds (D:5)
  A gnoll bouda (D:4)
  A sleepcap (D:5)
  3 iguanas (D:5)
  An orc wizard (D:3)
  13 gnolls
  8 adders
  A shadow imp (D:5)
  An ufetubus (D:4)
  A worm (D:3)
  2 dart slugs
  7 orcs
  12 endoplasms
  2 giant cockroaches
  16 goblins
  5 hobgoblins
  2 jackals (D:1)
  2 quokkas
  16 ball pythons
  9 bats
  5 frilled lizards
  6 kobolds
  5 rats
133 creatures vanquished.

Notes
Turn   | Place    | Note
-------+----------+-------------------------------------------
     0 | D:1      | Querens the Formicid Fighter began the quest for the Orb.
     0 | D:1      | Reached XP level 1. HP: 18/18 MP: 1/1
    78 | D:1      | Reached XP level 2. HP: 19/24 MP: 2/2
   202 | D:1      | Reached XP level 3. HP: 17/29 MP: 3/3
   584 | D:2      | Found Ofamnahy's Antique Armour Emporium.
   625 | D:2      | Found a faded altar of an unknown god.
   771 | D:2      | Reached XP level 4. HP: 37/37 MP: 4/4
   887 | D:2      | Reached XP level 5. HP: 30/42 MP: 5/5
  1014 | D:3      | Found Vihaps's General Store.
  1022 | D:3      | Reached skill level 5 in Shields
  1244 | D:3      | Noticed a +0 dagger
  1245 | D:3      | Found a hide-covered altar of Uskayaw.
  1245 | D:3      | Noticed a +0 dagger
  1322 | D:3      | Reached XP level 6. HP: 41/49 MP: 6/6
  1430 | D:3      | Found a shadowy altar of Dithmenos.
  1445 | D:3      | Noticed an ogre
  1451 | D:3      | Killed an ogre
  1955 | D:4      | Reached XP level 7. HP: 54/55 MP: 7/7
  2036 | D:4      | Reached skill level 5 in Armour
  2137 | D:4      | Reached skill level 5 in Fighting
  2137 | D:4      | Reached skill level 6 in Shields
  2371 | D:5      | Entered Level 5 of the Dungeon
  2531 | D:5      | Reached XP level 8. HP: 52/63 MP: 8/8
  2717 | D:5      | Reached skill level 7 in Shields
  2758 | D:5      | Reached skill level 5 in Axes
  2771 | D:5      | Gained mutation: You are frail. (-10% HP) [potion of
                  | mutation]
  2771 | D:5      | Gained mutation: You are partially covered in iridescent
                  | scales. (AC +2) [potion of mutation]
  2909 | D:5      | Noticed Menkaure
  2917 | D:5      | Slain by Menkaure

Illustrated notes

Levels and vault maps discovered:
D:1:      minmay_arrival_four_circles, layout_basic, minmay_tromino_i2
D:2:      layout_loops_ring, serial_shops, nicolae_shop_stone,
          basic_ecumenical_altar, st_stairs_10
D:3:      layout_basic, lemuel_crystal_altar, dancing_weapons_uskayaw,
          serial_shops, nicolae_shop_window_shopping
D:4:      layout_cave_pools, minivault_19, st_stairs_13, minmay_snake_closets
D:5:      layout_layer_cave, serial_shops, shop, minmay_misc_feat_ornament,
          chequers_garden, uniq_menkaure

Skill      XL: |  1  2  3  4  5  6  7  8 |
---------------+-------------------------+-----
Armour         | 4 5 6 |  6.5
Fighting       | 4 5 6 |  6.4
Axes           | 3 4 5 |  5.5
Shields        | 5 6 7 |  7.8

Action                     |  1- 3 |  4- 6 |  7- 9 || total
---------------------------+-------+-------+-------++-------
  Melee: War axe           |    91 |   141 |   165 ||   397
  Throw: Throwing net      |       |     1 |       ||     1
Ability: Dig               |       |     1 |       ||     1
  Evoke: Wand              |       |       |     8 ||     8
    Use: Potion            |       |     1 |     7 ||     8
         Scroll            |       |       |     1 ||     1
 Armour: Scale mail        |    22 |       |       ||    22
         Chain mail        |    22 |    75 |    88 ||   185
         Skin              |       |       |    11 ||    11
  Dodge: Dodged            |    44 |    65 |    75 ||   184
  Block: Buckler           |    36 |    36 |    45 ||   117

Table legend: (Time is in decaauts)
 A = Elapsed time spent in this place.
 B = Non-inter-level travel time spent in this place.
 C = Inter-level travel time spent in this place.
 D = Time resting spent in this place.
 E = Time spent auto-exploring this place.
 F = Levels seen in this place.
 G = Mean time per level.
                   A        B        C        D        E       F      G
               +--------+--------+--------+--------+--------+-----+--------+
         Total |   3058 |   2847 |    211 |     26 |      0 |   5 |  611.6 |
       Dungeon |   3058 |   2847 |    211 |     26 |      0 |   5 |  611.6 |
               +--------+--------+--------+--------+--------+-----+--------+

Top non-repeatable levels by time:
     D:3: 873 daAuts
     D:2: 691 daAuts
     D:5: 556 daAuts
     D:4: 529 daAuts
     D:1: 407 daAuts
